 Dungeon Crawl Stone Soup version 0.27-a0-1154-gfdeffcb720 (webtiles) character file.

Game seed: 14431158792639919869

334 robertstho the Slasher (level 6, -5/79 HPs)
             Began as a Draconian Berserker on May 14, 2021.
             Was a Priest of Trog.
             Slain by a water moccasin (9 damage)
             ... in a sewer.
             The game lasted 00:03:46 (2849 turns).

robertstho the Slasher (Draconian Berserker)        Turns: 2849, Time: 00:03:47

Health: -5/79      AC: 10    Str: 21    XL:     6   Next: 27%
Magic:  6/6        EV: 13    Int:  8    God:    Trog [***...]
Gold:   154        SH:  5    Dex: 10    Spells: 5/5 levels left

rFire    . . .     SeeInvis .   a - +0 falchion
rCold    . . .     Faith    .   (no shield)
rNeg     . . .     Spirit   .   (armour unavailable)
rPois    .         Reflect  +   (helmet restricted)
rElec    .         Harm     .   (no cloak)
rCorr    .         Rampage  .   (no gloves)
Will     ++...                  (no boots)
Stlth    ..........             d - amulet of reflection
HPRegen  1.23/turn              c - +4 ring of protection
MPRegen  0.10/turn              (no ring)

@: berserking, lethally poisoned (-5 -> -6), strong-willed, regenerating, very
quick
A: AC +6, unfitting armour, cold-blooded
a: Renounce Religion, Berserk, Trog's Hand


You were in a sewer.
You worshipped Trog.
Trog was most pleased with you.
You visited 1 branch of the dungeon, and saw 4 of its levels.
You also visited: Sewer.

You collected 154 gold pieces.

Inventory:

Hand Weapons
 a - a +0 falchion (weapon)
Missiles
 b - 4 javelins
Jewellery
 c - a +4 ring of protection (left hand)
 d - an amulet of reflection (around neck)
Potions
 e - a potion of flight
 f - a potion of might {unknown}
 h - a potion of berserk rage {unknown}
 i - a potion of degeneration {unknown}
 j - a potion of curing
 k - a potion of heal wounds {unknown}


   Skills:
 * Level 4.6 Fighting
 + Level 4.7 Long Blades
 * Level 4.6 Dodging
 + Level 0.6 Stealth
 + Level 0.6 Shields


You had 5 spell levels left.
You didn't know any spells.
Your spell library was empty.

Dungeon Overview and Level Annotations

Branches:
Dungeon (4/15)              Sewer (1/1)
 Temple: D:4-7

Altars:
Nemelex Xobeh

Shops:
D:1 [


Innate Abilities, Weirdness & Mutations

Your plain brown scales are hard. (AC +6)
You cannot fit into any form of body armour.
You are cold-blooded and may be slowed by cold attacks.


Message History

The water moccasin is moderately wounded.
You feel very sick. The water moccasin bites you!
* * * LOW HITPOINT WARNING * * *
The water moccasin bites you.
* * * LOW HITPOINT WARNING * * *
You are more poisoned.
The water moccasin poisons you!
Your skin crawls.
You feel strong-willed.
* * * LOW HITPOINT WARNING * * *
You feel very sick. The water moccasin closely misses you.
It was a potion of curing.
You feel better. The water moccasin barely misses you.
The water moccasin bites you but does no damage.
A red film seems to cover your vision as you go berserk!
You feel yourself moving faster!
You feel mighty! The water moccasin bites you.
* * * LOW HITPOINT WARNING * * *
You are poisoned.
The water moccasin poisons you!
You miss the water moccasin.
The water moccasin is moderately wounded.
You feel sick. The water moccasin closely misses you.
You barely miss the water moccasin.
The water moccasin is moderately wounded.
You feel sick. The water moccasin bites you.
* * * LOW HITPOINT WARNING * * *
You closely miss the water moccasin.
The water moccasin is moderately wounded.
You feel sick. The water moccasin bites you.
* * * LOW HITPOINT WARNING * * *
You hit the water moccasin.
The water moccasin is heavily wounded.
You feel sick.
The water moccasin bites you but does no damage.
You closely miss the water moccasin. You tail-slap the water moccasin!
The water moccasin is almost dead.
You feel sick. The water moccasin bites you!
You die...

### .... .....
############.....$
..........@S.....(
#######.####.....$
#.# ..... #.# ....
#.# ### #.# #.#
##.## ##...##


You could see a water moccasin.

Vanquished Creatures
  A scorpion (D:4)
  A bullfrog zombie (D:2)
  An iguana (D:4)
  2 orc wizards (D:3)
  5 adders
  A white imp (D:4)
  2 worms
  3 dart slugs (D:1)
  3 orcs (D:3)
  10 bats
  9 endoplasms
  3 giant cockroaches
  9 goblins
  8 hobgoblins
  16 jackals
  4 kobolds
  3 quokkas
  7 ball pythons
  4 frilled lizards
  6 rats
98 creatures vanquished.

Notes
Turn   | Place    | Note
-------+----------+-------------------------------------------
     0 | D:1      | robertstho the Draconian Berserker began the quest for the
                  | Orb.
     0 | D:1      | Reached XP level 1. HP: 19/19 MP: 1/1
   242 | D:1      | Reached XP level 2. HP: 21/26 MP: 2/2
   552 | D:1      | Found Fuifaynt's Armour Shoppe.
   646 | D:1      | Reached XP level 3. HP: 33/33 MP: 3/3
  1018 | D:2      | Reached XP level 4. HP: 32/40 MP: 4/4
  1039 | D:2      | Reached ** piety under Trog
  1441 | D:2      | Found a sparkling altar of Nemelex Xobeh.
  1781 | D:3      | Reached XP level 5. HP: 42/46 MP: 5/5
  2273 | D:3      | Reached *** piety under Trog
  2535 | D:4      | Reached XP level 6. HP: 53/53 MP: 6/6
  2778 | D:4      | Found a glowing drain.
  2803 | Sewer    | Entered a sewer
  2828 | Sewer    | Noticed a water moccasin
  2849 | Sewer    | Slain by a water moccasin

Illustrated notes

Levels and vault maps discovered:
D:1:      sevenhm_arrival_forest_fort_large_4, layout_basic, serial_shops, shop,
          serial_rivers, chequers_serial_rivers_micro_a,
          chequers_serial_rivers_small_a, chequers_serial_rivers_room_b,
          chequers_serial_rivers_room_b
D:2:      layout_basic, basic_altar
D:3:      layout_basic
D:4:      minmay_chambers_of_threes, layout_basic, portal_sewer_entry_c
Sewer:    sewer_big_baddie

Skill      XL: |  1  2  3  4 |
---------------+-------------+-----
Dodging        | 3 4 |  4.6
Fighting       | 4 |  4.6
Long Blades    | 4 |  4.7
Stealth        | |  0.6
Shields        | |  0.6

Action                   |  1- 3 |  4- 6 || total
-------------------------+-------+-------++-------
Melee: Falchion          |    84 |   197 ||   281
       Tailslap          |    12 |    23 ||    35
Invok: Berserk           |     1 |     5 ||     6
       Trog's Hand       |       |     2 ||     2
  Use: Scroll            |       |     3 ||     3
       Potion            |       |     1 ||     1
Armor: Skin              |    31 |    77 ||   108
Dodge: Dodged            |    59 |   133 ||   192
Block: Other             |       |    40 ||    40
       Rpst.: Falchion   |    14 |    41 ||    55

Table legend: (Time is in decaauts)
 A = Elapsed time spent in this place.
 B = Non-inter-level travel time spent in this place.
 C = Inter-level travel time spent in this place.
 D = Time resting spent in this place.
 E = Time spent auto-exploring this place.
 F = Levels seen in this place.
 G = Mean time per level.
                   A        B        C        D        E       F      G
               +--------+--------+--------+--------+--------+-----+--------+
         Total |   2919 |   2860 |     59 |      0 |   2195 |   5 |  583.8 |
       Dungeon |   2864 |   2805 |     59 |      0 |   2177 |   4 |  716.0 |
         Sewer |     54 |     54 |      0 |      0 |     17 |   1 |   54.0 |
               +--------+--------+--------+--------+--------+-----+--------+

Top non-repeatable levels by time:
     D:1: 917 daAuts
     D:2: 866 daAuts
     D:3: 784 daAuts
     D:4: 295 daAuts
   Sewer: 54 daAuts
